 Dungeon Crawl Stone Soup version 0.18.1-48-g4cf74bf (console) character file.

28311 Kloppie the Spear-Bearer (level 13, 0/160 HPs)
             Began as a Human Berserker on Sept 12, 2016.
             Was the Champion of Trog.
             Slain by an 11-headed hydra (5 damage)
             ... on level 6 of the Lair of Beasts.
             The game lasted 00:27:12 (17027 turns).

Kloppie the Spear-Bearer (Human Berserker)         Turns: 17027, Time: 00:27:12

Health: 0/160      AC: 19    Str: 22    XL:     13   Next: 72%
Magic:  13/13      EV: 15    Int: 14    God:    Trog [******]
Gold:   971        SH:  0    Dex: 16    Spells: 0 memorised, 12 levels left

rFire  . . .     SeeInvis .     Q - +7 glaive (distort)
rCold  + . .     Gourm    .     y - +4 ring mail of Integrity {Int+4}
rNeg   . . .     Faith    .     (shield currently unavailable)
rPois  .         Spirit   .     p - +1 helmet
rElec  .         Dismiss  .     f - +2 cloak {+Inv}
rCorr  .         Reflect  .     H - +1 pair of gloves
SustAt .         Harm     .     (no boots)
MR     .....                    (no amulet)
Stlth  ..........               (no ring)
                                m - ring of protection from cold

@: berserking, very quick, not resistant to hostile enchantments, extremely
unstealthy
A: no striking features
a: Berserk, Trog's Hand, Brothers in Arms, Burn Spellbooks, Renounce Religion,
Evoke Invisibility


You were on level 6 of the Lair of Beasts.
You worshipped Trog.
Trog was exalted by your worship.
You were hungry.

You visited 2 branches of the dungeon, and saw 17 of its levels.
You also visited: Bailey.

You collected 971 gold pieces.

Inventory:

Hand Weapons
 a - the +7 spear "Sidonown" {pierce, rPois rF+ MP+9 Str+4}
   (You found it on level 6 of the Dungeon)

   It inflicts extra damage upon your enemies.
   It affects your strength (+4).
   It protects you from fire.
   It protects you from poison.
   It affects your magic capacity (+9).
 b - a +0 halberd of electrocution
 v - a +3 antimagic glaive
 C - a +1 flail of electrocution
 Q - a +7 glaive of distortion (weapon)
Armour
 f - a +2 cloak of invisibility (worn)
 p - a +1 helmet (worn)
 y - the +4 ring mail of Integrity (worn) {Int+4}
   (You found it on level 6 of the Dungeon)

   It affects your intelligence (+4).
 H - a +1 pair of gloves (worn)
Jewellery
 e - an uncursed ring of flight
 m - a ring of protection from cold (left hand)
 R - an uncursed ring of ice
Wands
 i - a wand of acid (6/15)
 j - a wand of teleportation (9/9)
 o - a wand of teleportation (6/9)
 I - a wand of acid (7/15)
 J - a wand of flame (35/48)
 K - a wand of confusion (27/48)
 S - a wand of disintegration (13/24)
 T - a wand of slowing (16/48)
 V - a wand of flame (22/48)
 W - a wand of slowing (13/48)
Scrolls
 g - 2 scrolls of recharging
 n - 5 scrolls of teleportation
 r - 11 scrolls of remove curse
 G - a scroll of fog
 N - a scroll of enchant weapon
 P - a scroll of enchant armour
Potions
 d - 3 potions of ambrosia
 k - 14 potions of curing
 q - 2 potions of cancellation
 s - 3 potions of lignification
 t - a potion of berserk rage
 u - a potion of brilliance
 w - 4 potions of flight
 x - 3 potions of might
 z - a potion of agility
 A - a potion of magic
 B - a potion of cure mutation
 E - 4 potions of beneficial mutation {unknown}
 L - 3 potions of mutation {unknown}
 O - 2 potions of haste {unknown}
Comestibles
 c - 8 bread rations
 h - 3 beef jerkies
 l - 3 meat rations
 D - 9 slices of pizza
 M - 39 fruits


   Skills:
 + Level 11.7 Fighting
 - Level 8.0 Maces & Flails
 + Level 13.8 Polearms
 - Level 8.8 Armour
 - Level 7.0 Dodging


You had 12 spell levels left.
You didn't know any spells.

Dungeon Overview and Level Annotations

Branches:
Dungeon (11/15)            Temple (0/1) D:5            Lair (6/8) D:9
 Shoals (0/4) Lair:3          Orc (0/2) D:11
  Snake: Lair:3-6    Spider: Lair:3-6     Slime: Lair:6-8

Altars:
Ashenzari
Cheibriados
Kikubaaqudgha
Makhleb
Pakellas
Qazlal
Ru
Sif Muna
Vehumet
Xom
Zin


Message History

The 11-headed hydra bites you!
* * * LOW HITPOINT WARNING * * *
The 11-headed hydra closely misses you. The 11-headed hydra barely misses you.
The 11-headed hydra bites you.
* * * LOW HITPOINT WARNING * * *
The 11-headed hydra barely misses you.
The 11-headed hydra bites you but does no damage.
The 11-headed hydra barely misses you. The 11-headed hydra closely misses you.
The 11-headed hydra completely misses you.
The 11-headed hydra bites you but does no damage.
All of the chunks of flesh in your inventory have rotted away.
You are feeling hungry.
Drink which item? (? for menu, Esc to quit)
Okay, then.
There is a stone staircase leading up here.
You feel less exhausted.
A red film seems to cover your vision as you go berserk!
You feel yourself moving faster!
You feel mighty!
You feel somewhat more hungry. The 11-headed hydra bites you.
You die...

# ##.###P.........
..#####..#P...........
................)....
..........#P...P..... #.
P#................. #..
#...<...##........
#..###......###♣P......
#....##D....##.......♣.
#.....@......##........
##.P.#........###.#.....
#.....#P......P##...P...
...#...#P.........#.P.P..
......)...........%§P.P...
.........................>.
............................
......................P.....
.................##..P...#..


You could see a 11-headed hydra.

Vanquished Creatures
  The ghost of dricus the Severer, a journeyman HOFi of Okawaru (D:9)
  Fannar (Lair:2)
  Harold (Lair:2)
  2 hydras
  Erica (D:8)
  The ghost of baghtru the Cleaver, a novice HOBe of Trog (Bailey)
  The ghost of tatulmax the Fighter, a novice MiBe of Trog (Bailey)
  An ugly thing (D:10)
  An orc knight (Bailey)
  A griffon (Lair:3)
  A manticore (Lair:3)
  3 black mambas
  Psyche (D:9)
  5 spiny frogs
  A gargoyle (D:10)
  A komodo dragon (Lair:2)
  A troll (D:11)
  A two-headed ogre (D:8)
  6 blink frogs
  Grinder (D:4)
  20 yaks
  A wyvern (D:8)
  A basilisk (Lair:2)
  A steam dragon (D:10)
  12 hippogriffs
  A hungry ghost (D:9)
  3 wargs (D:8)
  7 porcupines
  8 water moccasins
  6 orc warriors
  3 ice beasts
  11 ogres
  3 sky beasts
  An eye of draining (D:10)
  8 phantoms
  A centaur (D:9)
  A wasp (D:10)
  5 crocodiles
  8 big kobolds
  16 giant frogs
  2 scorpions
  A wyvern skeleton (D:11)
  14 killer bees
  6 howler monkeys
  An electric eel (Lair:1)
  5 crimson imps
  A quasit (D:8)
  A wasp zombie (D:8)
  8 jellies
  12 orc priests
  4 hounds
  7 iguanas
  15 orc wizards
  A giant frog skeleton (D:5)
  10 worker ants
  A killer bee zombie (D:7)
  3 hound skeletons
  17 gnolls
  47 river rats
  4 adders
  A shadow imp (D:8)
  An adder skeleton (D:7)
  2 adder zombies
  A worm (D:3)
  2 dart slugs
  8 giant geckos
  76 orcs
  6 giant cockroaches
  14 goblins
  17 hobgoblins
  12 jackals
  5 quokkas
  3 sheep
  2 ball pythons
  6 bats
  A giant gecko skeleton (D:7)
  A giant gecko zombie (D:7)
  3 giant newts
  A jackal skeleton (D:6)
  37 kobolds
  A quokka skeleton (D:4)
  5 rats
514 creatures vanquished.

Vanquished Creatures (others)
  A catoblepas (Lair:6)
  A spiny frog (Lair:6)
  A porcupine (Lair:5)
  An orc wizard (D:7)
  A river rat (Lair:2)
  3 fungi
  2 plants
10 creatures vanquished.

Grand Total: 524 creatures vanquished

Notes
Turn   | Place    | Note
--------------------------------------------------------------
     0 | D:1      | Kloppie the Human Berserker began the quest for the Orb.
     0 | D:1      | Reached XP level 1. HP: 18/18 MP: 1/1
   275 | D:1      | Reached XP level 2. HP: 24/24 MP: 2/2
   858 | D:1      | Reached XP level 3. HP: 25/29 MP: 3/3
  1018 | D:2      | Found an oddly glowing altar of Pakellas.
  1251 | D:2      | Reached ** piety under Trog
  1362 | D:2      | Reached XP level 4. HP: 37/37 MP: 4/4
  1910 | D:3      | Reached XP level 5. HP: 42/42 MP: 5/5
  2569 | D:3      | Found a stormy altar of Qazlal.
  2649 | D:3      | Reached *** piety under Trog
  2715 | D:3      | Reached XP level 6. HP: 42/50 MP: 6/6
  2728 | D:3      | Found a snail-covered altar of Cheibriados.
  2735 | D:3      | Found a sacrificial altar of Ru.
  2735 | D:3      | Found a shimmering altar of Xom.
  2746 | D:3      | Found a glowing silver altar of Zin.
  2750 | D:3      | Found an ancient bone altar of Kikubaaqudgha.
  2861 | D:4      | Noticed Grinder
  2867 | D:4      | Noticed an ogre
  2882 | D:4      | Killed an ogre
  2882 | D:4      | Reached skill level 5 in Fighting
  2882 | D:4      | Reached skill level 5 in Maces & Flails
  2886 | D:4      | Killed Grinder
  2886 | D:4      | Reached XP level 7. HP: 13/57 MP: 7/7
  3843 | D:5      | Entered Level 5 of the Dungeon
  3926 | D:5      | Found a staircase to the Ecumenical Temple.
  4031 | D:5      | Reached XP level 8. HP: 64/64 MP: 8/8
  4045 | D:5      | Found a burning altar of Makhleb.
  4045 | D:5      | Noticed a cacodemon
  4790 | D:6      | Got an ichor-stained ring mail
  4801 | D:6      | Identified the +4 ring mail of Integrity {Int+4} (You found it on level 6 of the Dungeon)
  4854 | D:6      | Found a shattered altar of Ashenzari.
  5149 | D:6      | Reached XP level 9. HP: 65/72 MP: 9/9
  5389 | D:6      | Got a transparent spear
  5391 | D:6      | Identified the +7 spear "Sidonown" {pierce, rPois rF+ MP+9 Str+4} (You found it on level 6 of the Dungeon)
  5397 | D:6      | Found a sacrificial altar of Ru.
  5780 | D:7      | Found a shimmering altar of Xom.
  5787 | D:7      | Reached skill level 1 in Polearms
  5854 | D:7      | Reached skill level 2 in Polearms
  5983 | D:7      | Reached skill level 3 in Polearms
  6003 | D:7      | Reached **** piety under Trog
  6216 | D:7      | Reached skill level 4 in Polearms
  6707 | D:7      | Reached skill level 5 in Polearms
  6766 | D:7      | Found a deep blue altar of Sif Muna.
  6938 | D:8      | Reached XP level 10. HP: 73/83 MP: 10/10
  6947 | D:8      | Reached skill level 6 in Polearms
  6997 | D:8      | Noticed Erica
  7015 | D:8      | Killed Erica
  7015 | D:8      | Reached skill level 10 in Fighting
  7015 | D:8      | Reached skill level 7 in Polearms
  7089 | D:8      | Found a flagged portal.
  7095 | Bailey   | Entered a bailey
  7164 | Bailey   | Noticed baghtru's ghost (novice HOBe)
  7189 | Bailey   | Killed baghtru's ghost
  7189 | Bailey   | Reached skill level 8 in Polearms
  7346 | Bailey   | Noticed tatulmax's ghost (novice MiBe)
  7368 | Bailey   | Killed tatulmax's ghost
  7368 | Bailey   | Reached XP level 11. HP: 66/92 MP: 11/11
  7414 | Bailey   | Noticed an orc knight
  7639 | Bailey   | Killed an orc knight
  7920 | D:8      | Reached ***** piety under Trog
  8111 | D:8      | Reached skill level 9 in Polearms
  8550 | D:9      | Noticed dricus's ghost (journeyman HOFi)
  8687 | D:8      | Reached skill level 5 in Armour
  8820 | D:9      | Killed dricus's ghost
  9341 | D:9      | Found a staircase to the Lair.
  9572 | D:8      | Reached skill level 10 in Polearms
 10172 | D:9      | Noticed Psyche
 10207 | D:10     | Entered Level 10 of the Dungeon
 10307 | D:10     | Noticed a red ugly thing
 10316 | D:10     | Killed a red ugly thing
 10387 | D:10     | Received a gift from Trog
 10438 | D:10     | Reached XP level 12. HP: 95/100 MP: 10/12
 10711 | D:10     | Reached skill level 11 in Polearms
 11292 | D:11     | Found a radiant altar of Vehumet.
 11515 | D:11     | Found a staircase to the Orcish Mines.
 12012 | D:11     | Noticed a three-headed hydra
 12021 | D:11     | Killed a three-headed hydra
 12162 | D:9      | Killed Psyche
 12214 | Lair:1   | Entered Level 1 of the Lair of Beasts
 12544 | Lair:1   | Reached skill level 12 in Polearms
 12879 | Lair:1   | Identified a scroll of acquirement
 13194 | Lair:1   | Noticed a four-headed hydra
 13204 | Lair:1   | Killed a four-headed hydra
 13555 | Lair:2   | You fall through a shaft!
 13843 | Lair:2   | Noticed Harold
 13853 | Lair:2   | Reached XP level 13. HP: 106/106 MP: 13/13
 13862 | Lair:2   | Killed Harold
 13862 | Lair:2   | Reached skill level 5 in Dodging
 13864 | Lair:2   | Received a gift from Trog
 14129 | Lair:2   | Noticed Fannar
 14141 | Lair:2   | Killed Fannar
 14144 | Lair:2   | Reached skill level 13 in Polearms
 14439 | Lair:2   | Found a stormy altar of Qazlal.
 14815 | Lair:3   | Found a staircase to the Shoals.
 15693 | Lair:4   | Noticed a seven-headed hydra
 15862 | Lair:5   | Reached ****** piety under Trog
 16863 | Lair:6   | Noticed a catoblepas
 16870 | Lair:6   | Banished a catoblepas
 16957 | Lair:6   | Noticed a seven-headed hydra
 17016 | Lair:6   | HP: 1/107 [11-headed hydra (6)]
 17027 | Lair:6   | Slain by an 11-headed hydra

Skill      XL: |  1  2  3  4  5  6  7  8  9 10 11 12 13 |
---------------+----------------------------------------+-----
Maces & Flails | 4 5 6 8 |  8.0
Fighting       | 4 5 7 9 10 11 | 11.7
Armour         | 3 7 8 |  8.8
Polearms       | 5 8 10 12 13 | 13.8
Dodging        | 4 7 |  7.0

Action                   |  1- 3 |  4- 6 |  7- 9 | 10-12 | 13-15 || total
-------------------------+-------+-------+-------+-------+-------++-------
Melee: Mace              |    92 |   110 |       |       |       ||   202
       Flail             |       |    43 |   202 |       |       ||   245
       Spear             |       |       |   181 |   989 |       ||  1170
       Halberd           |       |       |       |    30 |    12 ||    42
       Glaive            |       |       |       |       |   283 ||   283
Invok: Berserk           |     3 |     3 |     6 |    16 |     4 ||    32
       Trog's Hand       |       |     1 |     2 |    10 |     3 ||    16
Evoke: Wand              |       |       |       |       |     1 ||     1
  Use: Scroll            |       |       |    15 |     7 |     7 ||    29
       Potion            |       |       |       |       |     1 ||     1
 Stab: Sleeping          |     3 |       |       |       |     1 ||     4
  Eat: Chunk             |     5 |     7 |    15 |    26 |     9 ||    62
       Meat ration       |       |       |     1 |     3 |     1 ||     5
Armor: Animal skin       |    12 |       |       |       |       ||    12
       Leather armour    |    18 |     3 |       |       |       ||    21
       Chain mail        |       |    86 |    80 |       |       ||   166
       Ring mail         |       |       |    55 |   246 |   153 ||   454
Dodge: Dodged            |    78 |    66 |   132 |   346 |   187 ||   809
